 Dungeon Crawl Stone Soup version 0.26-a0-450-ge645bd13c1 (webtiles) character file.

Game seed: 11176835829953484528

106 MrRokkomies the Sneak (level 4, -1/39 HPs)
             Began as a Palentonga Delver on July 27, 2020.
             Was an Initiate of Makhleb.
             Slain by a killer bee (3 damage)
             ... on level 1 of the Dungeon.
             The game lasted 00:02:23 (1176 turns).

MrRokkomies the Sneak (Palentonga Delver)           Turns: 1176, Time: 00:02:24

Health: -1/39      AC:  4    Str: 16    XL:     4   Next: 55%
Magic:  4/4        EV: 10    Int: 11    God:    Makhleb [......]
Gold:   63         SH:  0    Dex: 11    Spells: 3/3 levels left

rFire    . . .     SeeInvis +   k - +0 flail
rCold    . . .     Faith    .   (no shield)
rNeg     . . .     Spirit   .   b - +0 leather armour
rPois    .         Reflect  .   (no helmet)
rElec    .         Harm     .   (no cloak)
rCorr    .                      (no gloves)
MR       .....                  (boots restricted)
Stlth    +++.......             (no amulet)
HPRegen  0.13/turn              n - ring of stealth
MPRegen  0.09/turn              (no ring)

@: lethally poisoned (-1 -> -6)
A: large, rugged brown scales 3, see invisible, deformed body, roll, armoured
tail
a: Rolling Charge, Renounce Religion


You were on level 1 of the Dungeon.
You worshipped Makhleb.
Makhleb was noncommittal.
You visited 1 branch of the dungeon, and saw 5 of its levels.

You collected 63 gold pieces.

Inventory:

Hand Weapons
 a - a +0 mace
 k - a +0 flail (weapon)
Missiles
 o - a throwing net (quivered)
Armour
 b - a +0 leather armour (worn)
Jewellery
 n - a ring of stealth (left hand)
Wands
 g - a wand of digging (3)
Scrolls
 c - a scroll of fog
 d - a scroll of magic mapping
 e - a scroll of fear
 l - a scroll of amnesia {unknown}
 m - 3 scrolls of identify {unknown}
 p - a scroll of teleportation {unknown}
 r - a scroll of remove curse {unknown}
Potions
 f - a potion of haste
 h - 2 potions of berserk rage {unknown}
 i - 2 potions of brilliance {unknown}
 j - 2 potions of ambrosia {unknown}


   Skills:
 * Level 3.8 Fighting
 * Level 2.8 Maces & Flails
 + Level 2.0 Dodging
 - Level 3.9 Stealth
 + Level 0.5 Invocations


You had 3 spell levels left.
You didn't know any spells.
Your spell library was empty.

Dungeon Overview and Level Annotations

Branches:
Dungeon (5/15)
 Temple: D:4-7

Altars:
Makhleb
Xom


Innate Abilities, Weirdness & Mutations

You are completely covered in rugged brown scales. (AC +3, +7% HP)
You have supernaturally acute eyesight. (SInv)
Armour fits poorly on your strangely shaped body.
You can roll at foes to attack.
You have a long armoured tail.


Message History

Press: ? - help, Shift-Dir - straight line, f - killer bee
Aim: a killer bee You throw a poisoned dart.
The poisoned dart closely misses the killer bee.
You feel sick. The killer bee completely misses you.
The killer bee barely misses you. The killer bee stings you. x2
* * * LOW HITPOINT WARNING * * *
Fire/throw which item? (* to show all) (? for menu, Esc to quit)
Throwing (i - inventory. (/) - cycle)
o - a throwing net (quivered)
Press: ? - help, Shift-Dir - straight line, f/p - killer bee
Aim: a killer bee You throw a poisoned dart.
The poisoned dart misses the killer bee.
The poisoned dart closely misses the rat.
The bat barely misses you. x2; The killer bee stings you.
* * * LOW HITPOINT WARNING * * *
The killer bee misses you. The killer bee stings you.
* * * LOW HITPOINT WARNING * * *
The killer bee stings you.
You die...

####### #.r...#
###.....#
........#######
.?....b........
#@y..r(#
#.y####.# .....
#.......
#.........
#..........
#...........
#............


You could see 2 killer bees, a bat and 2 rats.

Vanquished Creatures
  A hound (D:5)
  An iguana (D:4)
  3 adders
  An adder zombie (D:4)
  4 orcs (D:4)
  3 goblins (D:3)
  A hobgoblin (D:3)
  2 jackals (D:3)
  A bat (D:3)
  2 jackal skeletons (D:4)
  2 kobolds (D:3)
  2 rats (D:2)
23 creatures vanquished.

Notes
Turn   | Place    | Note
-------+----------+-------------------------------------------
     0 | D:5      | MrRokkomies the Palentonga Delver began the quest for the
                  | Orb.
     0 | D:5      | Reached XP level 1. HP: 19/19 MP: 1/1
    38 | D:5      | Noticed a phantom
    49 | D:5      | Noticed a hound
    64 | D:5      | Killed a hound
    64 | D:5      | Reached XP level 2. HP: 18/25 MP: 2/2
   196 | D:4      | Found a shimmering altar of Xom.
   286 | D:4      | Reached XP level 3. HP: 13/31 MP: 3/3
   475 | D:4      | Found a burning altar of Makhleb.
   498 | D:4      | Became a worshipper of Makhleb the Destroyer
   627 | D:3      | Reached XP level 4. HP: 37/37 MP: 4/4
  1176 | D:1      | Slain by a killer bee

Illustrated notes

Levels and vault maps discovered:
D:1:      ncdulo_halloftheorcs, layout_rooms, minmay_misc_feat_rows
D:2:      layout_loops_ring, uniq_natasha, uniq_jessica
D:3:      layout_loops_corners, fedhas_altar_4, uniq_grinder
D:4:      layout_cave_pods, lemuel_coloured_pillars_altar,
          nicolae_tso_swordbearing_angel, lemuel_doored_altar, st_stairs_3,
          uniq_blork_the_orc
D:5:      minmay_spotlight, layout_gridville, basic_altar, gup_sewer_entry_pipe

Skill      XL: |  1  2  3  4 |
---------------+-------------+-----
Dodging        | 2 |  2.0
Fighting       | |  3.8
Maces & Flails | |  2.8
Stealth        | |  3.9
Invocations    | |  0.5

Action                   |  1- 3 |  4- 6 || total
-------------------------+-------+-------++-------
Melee: Mace              |     7 |       ||     7
       Flail             |    28 |    41 ||    69
       Tailslap          |     7 |     4 ||    11
Throw: Dart              |       |     2 ||     2
 Abil: Rolling Charge    |     1 |     4 ||     5
 Stab: Sleeping          |       |     3 ||     3
Armor: Leather armour    |    13 |    17 ||    30
Dodge: Dodged            |    21 |    27 ||    48

Table legend: (Time is in decaauts)
 A = Elapsed time spent in this place.
 B = Non-inter-level travel time spent in this place.
 C = Inter-level travel time spent in this place.
 D = Time resting spent in this place.
 E = Time spent auto-exploring this place.
 F = Levels seen in this place.
 G = Mean time per level.
                   A        B        C        D        E       F      G
               +--------+--------+--------+--------+--------+-----+--------+
         Total |   1195 |   1195 |      0 |    511 |    365 |   5 |  239.0 |
       Dungeon |   1195 |   1195 |      0 |    511 |    365 |   5 |  239.0 |
               +--------+--------+--------+--------+--------+-----+--------+

Top non-repeatable levels by time:
     D:3: 443 daAuts
     D:4: 369 daAuts
     D:2: 206 daAuts
     D:5: 174 daAuts
     D:1: 1 daAuts
